 Dungeon Crawl Stone Soup version 0.21-a0-528-gf531e82 (webtiles) character file.

178 Amnesiac the Shooter (level 5, -1/39 HPs)
             Began as a Mummy Hunter on Dec 9, 2017.
             Killed from afar by Typee's ghost (10 damage)
             ... with a puff of flame
             ... on level 5 of the Dungeon.
             The game lasted 00:03:50 (2004 turns).

Amnesiac the Shooter (Mummy Hunter)                 Turns: 2004, Time: 00:03:50

Health: -1/39      AC: 11    Str: 16    XL:     5   Next: 32%
Magic:  5/5        EV:  7    Int: 10    God:
Gold:   151        SH:  0    Dex: 13    Spells: 4/4 levels left

rFire    x . .     SeeInvis .   b - +3 flail (crush)
rCold    + . .     Gourm    .   (no shield)
rNeg     + + +     Faith    .   i - +0 shadow dragon scales
rPois    ∞         Spirit   .   (no helmet)
rElec    .         Reflect  .   (no cloak)
rCorr    .         Harm     .   (no gloves)
MR       .....                  (no boots)
Stlth    +++.......             (no amulet)
HPRegen  0.13/turn              (no ring)
MPRegen  0.09/turn              (no ring)

@: no status effects
A: no food or potions, fire vulnerability, cold resistance 1, negative energy
resistance 3, torment resistance, unbreathing
a: no special abilities


You were on level 5 of the Dungeon.
You were not hungry.

You visited 1 branch of the dungeon, and saw 5 of its levels.

You collected 151 gold pieces.

Inventory:

Hand Weapons
 a - a +1 shortbow
 b - a +3 flail of crushing (weapon)
 c - a +1 dagger of venom
 l - a +0 short sword
Missiles
 d - 16 arrows
 g - 130 stones (quivered)
Armour
 e - a +0 leather armour of poison resistance
 i - +0 shadow dragon scales (worn)
Scrolls
 f - a scroll of identify {!r, unknown}
 h - a scroll of magic mapping {!r, unknown}
 j - 3 scrolls of teleportation {!r, unknown}
 k - a scroll of remove curse {!r, unknown}


   Skills:
 + Level 2.7 Fighting
 * Level 4.1 Bows
 + Level 2.2 Armour
 + Level 2.3 Dodging
 - Level 1.0 Stealth


You had 4 spell levels left.
You didn't know any spells.

Dungeon Overview and Level Annotations

Branches:
Dungeon (5/15)
 Temple: D:4-7

Altars:
Yredelemnul

Shops:
D:4 =

Annotations:
D:5 Typee's ghost, novice OpFE


Innate Abilities, Weirdness & Mutations

You do not eat or drink.
Your flesh is vulnerable to fire.
You are immune to poison.
Your flesh is cold resistant. (rC+)
You are immune to negative energy. (rN+++)
You are immune to unholy pain and torment.
You can survive without breathing.


Message History

The hound bites you but does no damage. The adder bites you but does no damage.
The hound bites you but does no damage.
An orc comes into view. It is wielding a hand axe.
The orc shouts!
The hound bites you but does no damage.
Found a stone staircase leading down.
The leopard gecko hisses menacingly.
The hound bites you. The adder bites you but does no damage.
The hound bites you but does no damage. The adder closely misses you.
The hound bites you but does no damage.
The worker ant waves its antennae.
The adder bites you but does no damage.
There is a stone staircase leading down here.
The hound bites you but does no damage. x2
The adder bites you but does no damage.
You climb downwards.
A player ghost and a skeleton come into view.
Found 25 stones.
There is a stone staircase leading up here.
The hound bites you. The adder bites you.
The hound bites you but does no damage.
You miss the adder. The hound bites you but does no damage.
The adder barely misses you. The hound bites you but does no damage.
The adder bites you but does no damage.
Your shadow dragon scales prevents you from hitting the adder.
The hound bites you. The adder bites you but does no damage.
The hound bites you but does no damage. The adder bites you but does no damage.
You closely miss the adder. The hound bites you but does no damage.
The adder bites you but does no damage. The hound bites you.
Your shadow dragon scales prevents you from hitting the adder.
The adder completely misses you. The hound bites you but does no damage.
The adder barely misses you. The hound bites you but does no damage.
You miss the adder. The hound bites you but does no damage.
The adder bites you but does no damage. The hound bites you but does no damage.
The adder bites you but does no damage.
You sock the adder!
The adder is severely wounded.
The hound bites you but does no damage. The adder closely misses you.
The hound bites you but does no damage. The adder bites you but does no damage.
You sock the adder!
You kill the adder!
The hound bites you. x2; The hound bites you but does no damage.
You sock the hound!
The hound is heavily wounded.
The hound bites you. x2
You closely miss the hound.
The hound is heavily wounded.
The hound bites you but does no damage. x2
Press: ? - help, v - describe, . - travel
Here: Typee's ghost The floor.
The hound bites you but does no damage. The hound bites you.
The hound barely misses you. Typee's ghost casts a spell at you.
The puff of flame hits you! The fire burns you terribly!
* * * LOW HITPOINT WARNING * * *
The hound bites you.
* * * LOW HITPOINT WARNING * * *
The hound bites you.
* * * LOW HITPOINT WARNING * * *
Typee's ghost stares at you and mumbles some strange words.
The puff of flame hits you! The fire burns you terribly!
You die...

# ###########..
##.....#.....#
##.............
#...Wh.........
#..............
#.(....@.......
#..............
#......Z.......
#..............
##.............
##...........#
###########.#
..


You could see a hound, Typee's ghost and a hound skeleton.

Vanquished Creatures
  A gnoll shaman (D:4)
  A worker ant (D:4)
  4 gnolls (D:4)
  4 adders
  2 dart slugs (D:1)
  A leopard gecko (D:2)
  An orc (D:4)
  A giant cockroach (D:1)
  A goblin (D:1)
  6 hobgoblins
  8 jackals (D:2)
  6 bats
  2 frilled lizards (D:1)
  7 kobolds
  A leopard gecko skeleton (D:4)
  5 rats
51 creatures vanquished.

Notes
Turn   | Place    | Note
-------+----------+-------------------------------------------
     0 | D:1      | Amnesiac the Mummy Hunter began the quest for the Orb.
     0 | D:1      | Reached XP level 1. HP: 16/16 MP: 1/1
   142 | D:1      | Reached skill level 1 in Armour
   185 | D:1      | Reached XP level 2. HP: 14/22 MP: 2/2
   830 | D:2      | Reached XP level 3. HP: 25/27 MP: 3/3
  1189 | D:2      | Found a basalt altar of Yredelemnul.
  1572 | D:2      | Reached skill level 1 in Stealth
  1688 | D:4      | Found Voocues's Jewellery Shoppe.
  1767 | D:4      | Reached XP level 4. HP: 27/34 MP: 4/4
  1923 | D:4      | Reached skill level 4 in Bows
  1926 | D:4      | Reached XP level 5. HP: 35/39 MP: 5/5
  1986 | D:5      | Entered Level 5 of the Dungeon
  1986 | D:5      | Noticed Typee's ghost (novice OpFE)
  2004 | D:5      | Killed from afar by Typee's ghost

Vault maps used:
D:1:      minmay_arrival_hallway
D:2:      lemuel_round_altar
D:3:      lemuel_round_altar, xom_teletrap_fun,
          gammafunk_temple_overflow_elements, chequers_ecumenical_altar_simple
D:4:      first_bread, serial_shops, shop, kennysheep_opposing_triangles,
          uniq_sigmund
D:5:      overflow_temple_1_default, minmay_temple_entry_large_hall, minivault_5

Skill      XL: |  1  2  3  4 |
---------------+-------------+-----
Armour         | 1 2 |  2.2
Stealth        | 1 |  1.0
Dodging        | 2 |  2.3
Bows           | 4 |  4.1
Fighting       | |  2.7

Action                   |  1- 3 |  4- 6 || total
-------------------------+-------+-------++-------
Melee: Short sword       |   181 |       ||   181
       Flail             |       |    15 ||    15
 Fire: Shortbow          |     7 |    25 ||    32
Throw: Stone             |       |     2 ||     2
 Stab: Sleeping          |     4 |       ||     4
Armor: Leather armour    |    16 |       ||    16
       Shadow dragon sca |   100 |    38 ||   138
Dodge: Dodged            |    93 |    12 ||   105

Table legend:
 A = Spawn XP
 B = Non-spawn XP
 C = Spawn XP percentage of total XP
 D = Spawn monster count
 E = Non-spawn monster count
 F = Spawn count percentage of total count
 G = Total turns spent on level
                    A         B        C        D         E        F      G
               +---------+---------+-------+---------+---------+-------+---------
         Total |       0 |     255 |   0.0 |       0 |      51 |   0.0 |  2004
               +---------+---------+-------+---------+---------+-------+---------
           D:1 |       0 |      36 |   0.0 |       0 |      21 |   0.0 |   748
           D:2 |       0 |      57 |   0.0 |       0 |      20 |   0.0 |   914
           D:4 |       0 |     149 |   0.0 |       0 |       9 |   0.0 |   307
           D:5 |       0 |      13 |   0.0 |       0 |       1 |   0.0 |    18
               +---------+---------+-------+---------+---------+-------+---------
